Map: Honorgrounds LE

Players

Fropez

  • Race: Protoss Protoss
  • League: Platinum
  • Spawn Location: 5:00

hometowncrib - Winner!

  • Race: Protoss Protoss
  • League: Gold
  • Spawn Location: 7:00

VOD

Have the link to the VOD?

Description

Time

  • Played on: Jan. 26, 2017, 2:15 p.m.
  • Length: 12:14
Show
View Real Time Build Order
Export as new Build Order

Fropez Protoss 

Build Orders:  

Get SALT Encoding   

  13  0:14  Probe (Chrono Boost)  
  13  0:27  Pylon, Probe (Chrono Boost)  
  14  0:37  Assimilator  
  14  0:38  Probe (Chrono Boost)  
  15  0:48  Probe (Chrono Boost)  
  16  0:50  Gateway  
  16  0:59  Probe (Chrono Boost)  
  17  1:09  Probe (Chrono Boost)  
  18  1:20  Probe (Chrono Boost)  
  19  1:30  Probe (Chrono Boost)  
  20  1:36  Assimilator  
  20  1:41  Probe (Chrono Boost)  
  20  1:44  Cybernetics Core  
  21  1:51  Probe (Chrono Boost)  
  22  2:02  Probe (Chrono Boost)  
  22  2:05  Nexus  
  23  2:19  Gateway  
  23  2:26  Pylon  
  23  2:35  Warp Gate  
  23  2:45  Pylon  
  23  2:47  Mothership Core (Chrono Boost)  
  23  2:51  Adept  
  27  3:02  Gateway  
  28  3:06  Probe (Chrono Boost)  
  28  3:07  Adept  
  30  3:18  Pylon  
  30  3:19  Probe (Chrono Boost)  
  31  3:25  Probe (Chrono Boost)  
  32  3:31  Probe (Chrono Boost)  
  33  3:35  Probe (Chrono Boost)  
  34  3:42  Pylon  
  34  3:59  Probe (Chrono Boost)  
  34  4:00  Probe (Chrono Boost)  
  34  4:02  Pylon  
  36  4:04  Assimilator  
  36  4:09  Probe (Chrono Boost)  
  37  4:13  Twilight Council  
  37  4:20  Probe (Chrono Boost)  
  37  4:21  Probe (Chrono Boost)  
  39  4:55  Probe (Chrono Boost)  
  39  4:56  Probe (Chrono Boost)  
  39  4:57  Blink  
  41  5:05  Probe (Chrono Boost)  
  40  5:09  Gateway  
  40  5:10  Pylon  
  40  5:11  Pylon, Gateway  
  38  5:15  Robotics Facility  
  38  5:17  Robotics Facility  
  38  5:20  Pylon  
  40  5:21  Probe (Chrono Boost)  
  40  5:22  Probe (Chrono Boost)  
  40  5:23  Pylon  
  40  5:27  Stalker x3  
  46  5:32  Probe (Chrono Boost)  
  47  5:36  Dark Shrine  
  47  5:38  Probe (Chrono Boost)  
  47  5:42  Probe (Chrono Boost)  
  49  5:54  Stalker x3  
  55  5:59  Observer, Probe (Chrono Boost)  
  55  6:00  Probe (Chrono Boost)  
  55  6:02  Observer  
  61  6:12  Probe x2 (Chrono Boost)  
  61  6:18  Robotics Bay, Pylon  
  61  6:20  Stalker  
  61  6:24  Probe x2 (Chrono Boost)  
  65  6:29  Pylon  
  64  6:37  Stalker x4  
  72  6:52  Immortal  
  72  6:53  Immortal  
  72  6:54  Stalker  
  82  7:05  Stalker  
  84  7:10  Probe (Chrono Boost), Assimilator  
  84  7:11  Probe (Chrono Boost)  
  86  7:28  Probe x2 (Chrono Boost)  
  88  7:34  Immortal x2  
  88  7:36  Pylon  
  94  8:00  Pylon  
  94  8:04  Pylon  
  94  8:05  Assimilator  
  94  8:10  Assimilator  
  94  8:11  Pylon  
  94  8:15  Probe x2 (Chrono Boost)  
  94  8:19  Stalker  
  98  8:20  Stalker x4  
  107  8:27  Probe (Chrono Boost)  
  107  8:38  Immortal x2  
  111  8:52  Probe (Chrono Boost)  
  111  8:53  Probe (Chrono Boost)  
  113  9:00  Stalker x5  
  123  9:05  Probe (Chrono Boost)  
  123  9:07  Pylon  
  124  9:10  Nexus  
  124  9:13  Pylon  
  124  9:14  Pylon  
  124  9:17  Pylon  
  126  9:24  Probe x2 (Chrono Boost)  
  126  9:32  Gateway x2  
  126  9:35  Gateway  
  126  9:41  Dark Templar  
  126  9:42  Dark Templar  
  126  10:11  Stalker x3  
  132  10:16  Immortal x2  
  136  10:29  Forge  
  136  10:31  Forge  
  134  10:42  Stalker x5  
  142  10:46  Probe (Chrono Boost)  
  142  10:48  Probe (Chrono Boost)  
  147  10:50  Probe (Chrono Boost)  
  147  10:56  Probe (Chrono Boost)  
  148  11:00  Probe (Chrono Boost)  
  148  11:03  Stalker x2  
  148  11:04  Stalker  
  141  11:46  Stalker x4  
  141  11:47  Stalker x4  
Show
View Real Time Build Order
Export as new Build Order

hometowncrib Protoss - Winner!

Build Orders:  

Get SALT Encoding   

  12  0:03  Probe (Chrono Boost)  
  14  0:14  Probe (Chrono Boost)  
  14  0:20  Pylon  
  14  0:24  Probe (Chrono Boost)  
  15  0:35  Assimilator  
  15  0:38  Probe (Chrono Boost)  
  16  0:44  Gateway  
  16  0:48  Probe (Chrono Boost)  
  17  0:59  Probe (Chrono Boost)  
  18  1:09  Probe (Chrono Boost)  
  19  1:16  Assimilator  
  19  1:20  Probe (Chrono Boost)  
  20  1:31  Probe (Chrono Boost), Cybernetics Core  
  21  1:37  Pylon  
  21  1:41  Probe (Chrono Boost)  
  22  1:52  Probe (Chrono Boost)  
  23  1:57  Gateway  
  23  1:58  Warp Gate  
  23  2:02  Probe (Chrono Boost)  
  24  2:13  Mothership Core (Chrono Boost)  
  26  2:28  Pylon  
  26  2:34  Probe (Chrono Boost)  
  27  2:46  Probe (Chrono Boost)  
  27  2:49  Nexus  
  27  2:50  Stalker  
  30  3:02  Probe (Chrono Boost)  
  32  3:14  Probe (Chrono Boost)  
  32  3:26  Probe (Chrono Boost)  
  33  3:31  Robotics Facility  
  33  3:38  Probe (Chrono Boost)  
  33  3:39  Gateway  
  33  3:49  Stalker  
  33  3:50  Probe (Chrono Boost)  
  38  4:02  Probe (Chrono Boost)  
  39  4:14  Probe (Chrono Boost)  
  36  4:41  Probe (Chrono Boost)  
  36  4:43  Pylon x2, Probe (Chrono Boost)  
  38  4:46  Stalker  
  38  4:47  Stalker  
  38  4:52  Probe (Chrono Boost)  
  46  4:53  Immortal  
  46  4:55  Probe (Chrono Boost)  
  47  5:02  Probe (Chrono Boost)  
  47  5:06  Probe (Chrono Boost)  
  49  5:12  Stalker x2  
  49  5:13  Probe (Chrono Boost)  
  54  5:16  Probe (Chrono Boost)  
  55  5:21  Assimilator  
  55  5:22  Assimilator  
  55  5:23  Probe (Chrono Boost)  
  55  5:26  Pylon  
  55  5:27  Probe (Chrono Boost)  
  55  5:28  Pylon  
  57  5:34  Probe (Chrono Boost)  
  58  5:37  Probe (Chrono Boost)  
  59  5:44  Probe (Chrono Boost)  
  59  5:47  Immortal  
  59  5:48  Probe (Chrono Boost)  
  65  5:52  Stalker  
  65  5:55  Probe (Chrono Boost)  
  68  6:00  Twilight Council  
  68  6:14  Probe (Chrono Boost)  
  68  6:15  Probe (Chrono Boost)  
  70  6:21  Immortal  
  70  6:24  Probe (Chrono Boost)  
  71  6:27  Probe (Chrono Boost), Blink  
  76  6:40  Gateway  
  76  6:43  Gateway  
  76  6:45  Gateway  
  76  6:48  Probe (Chrono Boost), Gateway  
  76  6:49  Probe (Chrono Boost), Stalker  
  78  6:58  Probe (Chrono Boost)  
  80  7:01  Probe (Chrono Boost)  
  80  7:04  Nexus  
  80  7:08  Pylon  
  80  7:11  Pylon, Probe (Chrono Boost)  
  80  7:14  Probe (Chrono Boost)  
  82  7:19  Observer  
  83  7:29  Pylon  
  84  7:30  Probe (Chrono Boost)  
  84  7:31  Probe (Chrono Boost)  
  84  7:34  Stalker x2  
  89  7:40  Probe (Chrono Boost)  
  89  7:43  Probe (Chrono Boost)  
  91  7:45  Pylon  
  91  7:52  Forge  
  91  8:03  Probe (Chrono Boost)  
  91  8:04  Probe (Chrono Boost)  
  93  8:08  Immortal  
  93  8:11  Assimilator  
  97  8:15  Assimilator, Stalker x2  
  97  8:16  Probe (Chrono Boost)  
  104  8:20  Probe x2 (Chrono Boost)  
  104  8:38  Stalker  
  104  8:39  Protoss Ground Weapons Level 1, Stalker  
  106  8:44  Stalker x2  
  106  8:45  Stalker  
  106  8:46  Stalker  
  106  8:47  Immortal  
  118  8:53  Gateway  
  118  8:56  Gateway  
  118  9:01  Assimilator  
  118  9:02  Assimilator  
  118  9:07  Stalker  
  120  9:16  Stalker x2  
  124  9:29  Probe (Chrono Boost)  
  125  9:32  Pylon  
  125  9:33  Pylon  
  125  9:37  Pylon  
  125  9:38  Pylon  
  125  9:40  Pylon  
  125  9:44  Probe (Chrono Boost)  
  125  9:50  Probe (Chrono Boost), Immortal  
  125  9:52  Probe (Chrono Boost)  
  131  9:53  Photon Cannon  
  131  9:58  Pylon  
  131  10:06  Pylon  
  130  10:18  Protoss Ground Armor Level 1  
  130  10:29  Stalker  
  130  10:30  Stalker x4  
  130  10:31  Stalker  
  140  10:37  Immortal  
  144  10:50  Photon Cannon, Dark Shrine  
  144  10:51  Photon Cannon  
  144  10:54  Photon Cannon  
  144  10:55  Photon Cannon  
  144  10:58  Photon Cannon  
  144  11:00  Photon Cannon  
  140  11:06  Stalker x2  
  140  11:07  Stalker x2  
  148  11:16  Immortal  
  148  11:41  Stalker x4  
  148  11:42  Stalker x2  
  134  12:06  Stalker x4  
  134  12:08  Stalker x3  
Tags
 
Matchup
PvP
Replay Pack
All Mines
Spawn Locations
Close Positions
Add a new tag
Caveats
  • Supply blocks, unpowered buildings, or Contaminate may cause inaccurate times.
  • Supply counts are checked every 10 seconds.